AoeStats
← Hector

Nomad

505471567Analyzed
3v3 RM · 24d ago on Sep 9, 2026· 38m 50s· 6 players
Game mode
Random Map
Map size
210×210
Population
200
Speed
Normal
Resources
Standard
Victory
Conquest
Starting age
Dark Age
Ending age
Imperial Age
RankedLock teamsTeams togetherTeam positionsShared explorationLock speedFull tech treeHidden civsTurbo modeCheats
Victory
Defeat
🇦🇹 Portuguese · Austria
1525
+13
🇦🇹 Koreans · Austria
1430
+17
🇷🇺 Mongols · Russia
1394
+18
🇭🇺 Goths · Hungary
1524
-19
🇷🇴 Dravidians · Romania
1521
-19
🇭🇺 Magyars · Hungary
1289
-10
[S3nS3] Gróf
5:00 Loom
15:02 Feudal Age
18:45 Castle Age
16:45 Double-Bit Axe
18:03 Wheelbarrow
18:00 Gold Mining
21:31 Fletching
21:41 Padded Archer Armor
30:00 Scale Mail Armor
34:13 Bow Saw
35:43 Man-at-Arms
36:24 Squires
36:41 Forging
36:50 Chain Mail Armor
35:58 Elite Skirmisher
37:22 Bodkin Arrow
37:43 Leather Archer Armor
Kiliander
10:15 Loom
13:05 Feudal Age
18:49 Castle Age
16:32 Horse Collar
18:08 Double-Bit Axe
20:05 Wheelbarrow
23:05 Medium Warships
28:21 Fletching
29:13 Bodkin Arrow
29:42 Ballistics
30:11 Padded Archer Armor
30:28 Bloodlines
33:23 Thumb Ring
37:37 Imperial Age
35:47 Stone Mining
38:18 Recurve Bow
38:31 Bracer
Leto Apor
5:41 Loom
12:06 Feudal Age
13:26 Fishing Lines
19:13 Castle Age
20:02 Gillnets
21:52 Wheelbarrow
21:05 Double-Bit Axe
21:12 Gold Mining
21:41 Fletching
23:09 Bow Saw
23:22 Town Watch
26:05 Ballistics
26:54 Horse Collar
28:11 Bodkin Arrow
29:23 Hand Cart
30:27 Padded Archer Armor
31:16 Thumb Ring
32:26 Leather Archer Armor
32:14 Husbandry
35:32 Imperial Age
34:05 Stone Mining
35:53 Medium Warships
36:16 Bracer
37:35 Chemistry
DeadlyEfficiency
12:06 Feudal Age
11:20 Loom
18:25 Castle Age
20:26 Double-Bit Axe
21:40 Wheelbarrow
21:21 Bow Saw
22:25 Medium Warships
23:16 Horse Collar
25:03 Gold Mining
27:40 Hand Cart
31:38 Imperial Age
29:23 Circumnavigation
32:12 Fletching
32:51 Conscription
32:43 Arquebus
33:11 Conscription
32:53 Bodkin Arrow
32:44 Elite Organ Gun
34:02 Capped Ram
37:37 Chemistry
38:44 Bracer
Warrior
4:35 Loom
13:42 Feudal Age
17:52 Castle Age
20:31 Fletching
20:47 Town Watch
21:38 Bodkin Arrow
30:39 Wheelbarrow
30:42 Horse Collar
36:15 Double-Bit Axe
37:03 Ballistics
37:15 Padded Archer Armor
Hector
5:32 Loom
14:03 Feudal Age
18:08 Castle Age
17:23 Double-Bit Axe
19:05 Bow Saw
18:35 Horse Collar
22:52 Heavy Plow
27:32 Wheelbarrow
28:01 Fletching
32:06 Imperial Age
29:42 Scale Mail Armor
30:54 Bodkin Arrow
31:14 Gold Mining
31:15 Stone Mining
31:50 Squires
32:40 Chain Mail Armor
33:56 Chemistry
33:58 Conscription
33:44 Bracer
33:51 Siege Engineers
36:10 Two-Man Saw
35:33 Town Watch
36:44 Gold Shaft Mining
37:44 Hand Cart
Connection lost

Rejoining the realm…

Still unreachable

The connection could not be restored.

Session expired

The server has moved on; the page needs a fresh start.